[Event "Late-Titled-Tuesday-Blitz-March-26-2024"]
[Site "Chess.com"]
[Date "2024.03.26"]
[Round "3"]
[White "chess_blitz00"]
[Black "Boninknights"]
[Result "0-1"]
[WhiteElo "2574"]
[BlackElo "2388"]
[TimeControl "180+1"]
[EndTime "14:31:09 PDT"]
[Termination "Boninknights won by checkmate"]

1. c3 Nf6 2. g3 g6 3. Bg2 Bg7 4. e4 d6 5. d4 O-O 6. Ne2 e5 7.
O-O Re8 8. Re1 exd4 9. Nxd4 Nbd7 10. h3 d5 11. exd5 Rxe1+ 12. Qxe1 Nb6 13. Bg5 Nbxd5 14. Qe5 h6 15. Bxd5 Qxd5 16. Bf4 Qxe5 17. Bxe5 c5 18.
Nb3 b6 19. h4 Bb7 20. N1d2 Re8 21. Nc4 Re6 22. Nbd2 Bd5 23. a4 Ng4 24. Bxg7 Kxg7 25. f3 Ne3 26. Nxe3 Rxe3 27. Kf2 Rd3 28. Ke2 c4 29. a5 b5 30. a6 Bc6 31. Ra5 f5 32. Ra3 Rd6 33. Ra1 Bd7 34. Re1 Re6+ 35. Kf2 Rxe1 36.
Kxe1 Bc8 37. b3 cxb3 38. Nxb3 Bxa6 39. Nd4 Kf6 40. Nc6 Bc8 41. Nxa7 Bd7 42. Kd2 Ke5 43. Kc2 Kd5 44. g4 fxg4 45. fxg4 Kc5 46. Kb3 Kb6 47. g5 hxg5 48. hxg5 Kxa7 49. Kb4 Kb6 50. c4 bxc4 51. Kxc4 Kc6 52. Kd4 Kd6 53. Ke4 Ke6 54. Kf4 Kd5 55. Kg3 Ke5 56. Kh4 Be8 57. Kg4 Ke4 58. Kg3 Kf5 59.
Kh4 Kf4 60. Kh3 Kxg5 61. Kg3 Kf5 62. Kh2 g5 63. Kh3 g4+ 64. Kg3 Kg5 65. Kg2 Kf4 66. Kf2 g3+ 67. Kg2 Kg4 68. Kg1 Kf3 69. Kh1 g2+ 70.
Kg1 Bb5 71. Kh2 Kf2 72. Kh3 g1=Q 73. Kh4 Qg6 74. Kh3 Qg3# 0-1

[Event "Late-Titled-Tuesday-Blitz-March-26-2024"]
[Site "Chess.com"]
[Date "2024.03.26"]
[Round "3"]
[White "GMG"]
[Black "Azerichess"]
[Result "1/2-1/2"]
[WhiteElo "2796"]
[BlackElo "3035"]
[TimeControl "180+1"]
[EndTime "14:31:10 PDT"]
[Termination "Game drawn - insufficient material"]

1. d4 d5 2. c4 c5 3. cxd5 Qxd5 4. Nf3 cxd4 5. Nc3 Qa5 6. Nxd4 Nf6 7. Bd2 Qd8 8. Bf4 a6 9. e4 e6 10. Be2 Be7 11. O-O O-O 12. e5 Nd5 13. Nxd5 Qxd5 14. Bf3 Qa5 15. a3 Rd8 16. Qc2 Qc5 17. Qxc5 Bxc5 18. Nb3 Bb6 19. Rac1 Nc6 20. Bxc6 bxc6 21. Rxc6 Rb8 22. Nc5 Bxc5 23. Rxc5 Rxb2 24. Bg5 Re8 25. Rfc1 Bb7 26. R5c2 Rxc2 27. Rxc2 h6 28. Be3 Bd5 29. f3 Rb8 30. Rc3 Kh7 31. h4 a5 32. Rc7 Kg8 33.
h5 a4 34. Bc5 Rb1+ 35. Kh2 Rb2 36. Kg3 Rb1 37. Bd6 Rh1 38. Rc8+ Kh7 39. Rc7 Rxh5 40. Rxf7 Rh1 41. Rc7 Kg8 42. Ra7 Bb3 43. Ra8+ Kh7 44. Ra7 Rh5 45. Kf2 Rf5 46. g4 Rf4 47. Kg3 Rd4 48.
Bf8 Rd3 49. Rxg7+ Kh8 50. Rf7 Kg8 51. Rf6 Bd5 52. Bd6 Kg7 53. Kf2 Kh7 54. Bf8 Kg8 55. Bd6 Kg7 56. f4 Rf3+ 57. Ke1 Rg3 58. Bf8+ Kg8 59.
f5 Rxg4 60. fxe6 Bxe6 61. Rxe6 Kxf8 62. Rxh6 Rg3 63. Ra6 Rxa3 64. e6 Ra1+ 65. Kd2 Ra3 66. Kc2 Ke7 67. Kb2 Rb3+ 68. Ka2 Rb4 69. Ka3 Rd4 70.
Rxa4 Rxa4+ 71. Kxa4 Kxe6 1/2-1/2

[Event "Late-Titled-Tuesday-Blitz-March-26-2024"]
[Site "Chess.com"]
[Date "2024.03.26"]
[Round "3"]
[White "Airquake"]
[Black "Siemba"]
[Result "1-0"]
[WhiteElo "2678"]
[BlackElo "2454"]
[TimeControl "180+1"]
[EndTime "14:31:10 PDT"]
[Termination "Airquake won by resignation"]

1. b3 Nf6 2. Bb2 g6 3. g3 Bg7 4. Bg2 O-O 5. Nf3 d6 6. O-O c5 7.
d4 Ne4 8. e3 Nc6 9. c4 Bg4 10.
h3 Bd7 11. Nc3 f5 12. Nxe4 fxe4 13. Ng5 Qc8 14. Kh2 Rf5 15. Nxe4 Rh5 16. h4 Bg4 17. Bf3 Bxf3 18. Qxf3 cxd4 19. Ng5 Ne5 20. Qd5+ Kh8 21. exd4 h6 22. Nf7+ Nxf7 23. Qxf7 Qg4 24. f3 Qg5 25.
Kg2 Qf6 26. Qxf6 Bxf6 27. Rae1 Ra5 28. a3 Kg7 29. Rf2 Rc8 30. a4 Ra6 31. d5 Bxb2 32. Rxb2 Kf7 33. Rbe2 Rc7 34. Re3 Rb6 35. g4 Rb4 36. Kg3 g5 37. hxg5 hxg5 38. Rh1 a6 39.
Rh7+ Kf8 40. Rh5 b5 41. axb5 axb5 42. cxb5 Rxb5 43. Rxg5 Rcc5 44. Rf5+ Ke8 45. Rd3 Rb4 46. g5 Kd7 47. g6 Rc8 48. Rg5 Rg8 49. f4 e6 50.
dxe6+ Kxe6 51. f5+ Kf6 52. Rh5 d5 53. Re3 Rb6 54. b4 d4 55. Re4 Rd6 56. Kf4 d3 57. Rh1 d2 58. Rd1 Rh8 59. Re6+ Rxe6 60. fxe6 Kxe6 61. Rxd2 Kf6 62. Rg2 Kg7 63. Ke5 Rb8 64. Rg4 Rb5+ 65. Kd6 Rb6+ 66. Kc7 Rb5 67. Kc6 Rb8 68. b5 Rc8+ 69. Kd7 Rb8 70. Kc6 Rc8+ 71. Kb7 Rc5 72. b6 Rc1 73. Kb8 Rb1 74. b7 Rc1 75. Ra4 Kxg6 76. Ka8 1-0

[Event "Late-Titled-Tuesday-Blitz-March-26-2024"]
[Site "Chess.com"]
[Date "2024.03.26"]
[Round "3"]
[White "Heliosis11"]
[Black "Mikayel99"]
[Result "1/2-1/2"]
[WhiteElo "2304"]
[BlackElo "2556"]
[TimeControl "180+1"]
[EndTime "14:31:11 PDT"]
[Termination "Game drawn by repetition"]

1. e4 e6 2. d4 d5 3. Nd2 c5 4.
exd5 Qxd5 5. c4 Qd8 6. Ngf3 Nf6 7. Nb3 cxd4 8. Nbxd4 e5 9. Nb5 Bb4+ 10. Bd2 Bxd2+ 11.
Qxd2 Qxd2+ 12. Nxd2 Na6 13. O-O-O O-O 14. Bd3 Bd7 15.
Nc3 Nc5 16. Bb1 Rfd8 17. Nde4 Nfxe4 18. Nxe4 Ne6 19. Rhe1 Nd4 20. f4 Bg4 21. Rd2 exf4 22. Rf2 Rac8 23. b3 b5 24. Rxf4 Ne2+ 25. Rxe2 Bxe2 26.
c5 f5 27. Rxf5 Rd1+ 28. Kc2 Rxb1 29. Nd6 Rd8 30. Re5 Ra1 31. Rxe2 Rxa2+ 32. Kd3 Rxe2 33. Kxe2 Kf8 34. Ke3 Ke7 35. Nxb5 Kd7 36. Nxa7 Ra8 37. Nb5 Kc6 38. Nd4+ Kxc5 39. Ne6+ Kd5 40. Nxg7 Ke5 41. Nh5 Rb8 42. Kf3 Rxb3+ 43. Kg4 h6 44. Nf4 Kf6 45. g3 Rb5 46. h4 Ra5 47. Nh5+ Kf7 48. Nf4 Kg7 49. h5 Rg5+ 50. Kh4 Kf6 51. Nh3 Ra5 52. Nf4 Ra4 53. Kg4 Rb4 54. Kh4 Kf5 55.
Kh3 Kg5 56. Kg2 Kg4 57. Kf2 Rb2+ 58. Ne2 Ra2 59. Ke3 Kxh5 60. Kf3 Kg5 61. Nf4 Ra3+ 62. Kf2 Kg4 63. Ne2 Ra2 64. Ke3 Ra3+ 65. Kf2 h5 66. Kg2 Ra2 67. Kf2 Rb2 68. Ke3 Rb3+ 69. Kf2 Rb8 70.
Ke3 Re8+ 71. Kf2 Rf8+ 72. Kg2 Rf7 73. Ng1 Rf6 74. Ne2 Rf3 75. Kg1 Re3 76. Kf2 Ra3 77.
Kg2 Rb3 78. Kf2 Kh3 79. Nf4+ Kg4 80. Ne2 1/2-1/2

[Event "Late-Titled-Tuesday-Blitz-March-26-2024"]
[Site "Chess.com"]
[Date "2024.03.26"]
[Round "3"]
[White "Mikhal867"]
[Black "martinmena"]
[Result "1/2-1/2"]
[WhiteElo "2477"]
[BlackElo "2256"]
[TimeControl "180+1"]
[EndTime "14:31:13 PDT"]
[Termination "Game drawn by stalemate"]

1. c4 e6 2. g3 Nf6 3. Bg2 d5 4. Nf3 Be7 5. O-O O-O 6. b3 c5 7. cxd5 exd5 8. d4 Nc6 9. Bb2 Re8 10. Nc3 Bg4 11. dxc5 Bxc5 12. Na4 Bb6 13. Nxb6 axb6 14. h3 Bxf3 15. Bxf3 Ne4 16. a3 Qd6 17. Bg2 Rad8 18.
e3 d4 19. exd4 Nxd4 20. Qg4 f5 21. Qh5 Nf6 22. Qh4 Ne2+ 23. Kh2 f4 24. Bxf6 Qxf6 25. Qxf6 gxf6 26. Bxb7 Rb8 27. Bd5+ Kg7 28. Bc4 f3 29. Rfe1 Nd4 30. Bd5 Re5 31. Rxe5 fxe5 32. g4 Rc8 33. Kg3 Rc3 34. b4 Ne2+ 35. Kh4 Nf4 36. Be4 Rc4 37. Bxf3 e4 38. Bh1 h5 39. gxh5 Kh6 40. Kg4 Ne2 41. Kf5 Nd4+ 42. Ke5 Nc2 43. Rc1 e3 44. fxe3 Nxe3 45.
Re1 Nc2 46. Rd1 Nxa3 47. Rd6+ Kxh5 48. Bf3+ Kh4 49. Rxb6 Rc3 50. Bg4 Nc4+ 51. Kd4 Nxb6 52. Kxc3 Nd5+ 53. Kc4 Nxb4 54. Kxb4 Kg5 55. Kc5 Kh6 56.
Kd6 Kg7 57. Ke6 Kh8 58. Kf6 Kh7 59. Kf7 Kh8 60. Bh5 Kh7 61. Bg4 Kh8 62. h4 Kh7 63. h5 Kh8 64. Kg6 Kg8 65. h6 Kh8 66. Bf5 Kg8 67. Be4 Kh8 68. Kf6 Kg8 69. Kg5 Kh8 70. Kg6 Kg8 71. h7+ Kh8 72. Kf7 1/2-1/2

[Event "Late-Titled-Tuesday-Blitz-March-26-2024"]
[Site "Chess.com"]
[Date "2024.03.26"]
[Round "3"]
[White "Slovineanu"]
[Black "TheMagician"]
[Result "1-0"]
[WhiteElo "2514"]
[BlackElo "2276"]
[TimeControl "180+1"]
[EndTime "14:31:15 PDT"]
[Termination "Slovineanu won on time"]

1. d4 Nf6 2. Nf3 d6 3. Nc3 g6 4. e4 Bg7 5. Be3 Ng4 6. Bf4 Nc6 7. h3 Nf6 8. e5 Nd7 9. Qe2 Nb6 10. O-O-O d5 11.
Qe3 h6 12. g4 a6 13. Bd3 e6 14.
h4 h5 15. gxh5 Rxh5 16. Ng5 Ne7 17. Be2 Nf5 18. Qd3 Rxh4 19. Rxh4 Nxh4 20. Qh3 Nf5 21. Qh7 Qe7 22. a4 Bd7 23. a5 Na4 24. Nxa4 Bxa4 25. Bd3 Qf8 26. Bxf5 gxf5 27. Rg1 Bh6 28. Nxe6 Bxf4+ 29.
Nxf4 O-O-O 30. Qxf5+ Kb8 31. c3 Bb3 32. Rh1 Qe8 33.
Rh7 Qa4 34. Qxf7 Qa1+ 35. Kd2 Rc8 36. Nd3 Qd1+ 37. Ke3 Bc4 38. Qf5 Qf1 39. e6 Re8 40.
e7 Bxd3 41. Qxd3 Qc1+ 42. Kf3 Qg5 43. Ke2 Rxe7+ 44. Rxe7 Qxe7+ 45. Qe3 Qf7 46. Qe5 Ka7 47.
f4 c6 48. f5 Qh5+ 49. Ke3 Qh4 50. f6 Qe1+ 51. Kf4 Qf2+ 52. Kg5 Qg2+ 53. Kh6 Qg8 54.
Qe7 Qg3 55. f7 Qf4+ 56. Kg7 Qg4+ 57. Kf8 Qc8+ 58. Kg7 Qg4+ 59. Kf8 Qc8+ 60. Qe8 Qf5 61. Ke7 Qe4+ 62. Kd8 Qh4+ 63. Qe7 Qg3 64. f8=Q 1-0

[Event "Late-Titled-Tuesday-Blitz-March-26-2024"]
[Site "Chess.com"]
[Date "2024.03.26"]
[Round "3"]
[White "carokannlover213"]
[Black "Rud_Makarian"]
[Result "0-1"]
[WhiteElo "2833"]
[BlackElo "3114"]
[TimeControl "180+1"]
[EndTime "14:31:19 PDT"]
[Termination "Rud_Makarian won by checkmate"]

1. e4 c5 2. Nf3 d6 3. d4 cxd4 4. Nxd4 Nf6 5. Nc3 a6 6. h3 e6 7. g4 h6 8. Bg2 Be7 9. h4 Nfd7 10. g5 hxg5 11. hxg5 Rxh1+ 12. Bxh1 g6 13. f4 Nc6 14. Be3 e5 15. Nxc6 bxc6 16. Qd2 exf4 17. Bxf4 Ne5 18. O-O-O Bg4 19. Rg1 Bh5 20. Qd4 Qa5 21. Bd2 Qc7 22.
Qa4 Qb6 23. Re1 Kf8 24. Be3 Qb7 25. Qd4 a5 26. Bf4 Rb8 27. b3 Qb4 28. Bxe5 dxe5 29. Qxe5 Kg8 30. Kb1 Bf8 31. a3 Qb7 32. Na4 Bxa3 33.
Qf4 Rd8 34. e5 Bb4 35. Rf1 Qe7 36. Nb2 Bd2 37. Qf2 Bxg5 38. Bxc6 Bg4 39. Nd3 Bf5 40.
Qf3 a4 41. Be4 Bxe4 42. Qxe4 axb3 43. cxb3 Qd7 44. Rf3 Qb5 45. b4 Qa4 46. Nb2 Qa7 47.
e6 Qg1+ 48. Ka2 f5 49. Qc4 Kg7 50. e7 Bxe7 51. Rd3 Ra8+ 52. Kb3 Qa7 53. Qd4+ Qxd4 54. Rxd4 g5 55. Nc4 Bf6 56. Rd5 Kg6 57. Ne3 f4 58. Ng4 Bg7 59. b5 Kh5 60. Nf2 Kh4 61. Rd4 Bxd4 62. Ne4 g4 63. Kc4 Be3 64. Kd3 g3 65.
Nd6 g2 66. b6 Bxb6 67. Nc4 g1=Q 68. Ke4 Qd4+ 69. Kf5 Rf8+ 70. Ke6 Qxc4+ 71. Ke7 Bc5+ 72. Kd7 Qd5+ 73. Kc7 Rf7+ 74. Kc8 Qa8# 0-1

[Event "Late-Titled-Tuesday-Blitz-March-26-2024"]
[Site "Chess.com"]
[Date "2024.03.26"]
[Round "3"]
[White "AsaHoffmann"]
[Black "Vahe_Danielyan"]
[Result "1/2-1/2"]
[WhiteElo "2423"]
[BlackElo "2609"]
[TimeControl "180+1"]
[EndTime "14:31:23 PDT"]
[Termination "Game drawn by repetition"]

1. d4 Nf6 2. Bg5 Ne4 3. Bf4 d5 4. f3 Nf6 5. e4 dxe4 6. Nc3 Bf5 7. fxe4 Nxe4 8. Qf3 Nxc3 9. bxc3 Nd7 10. Qxb7 Rb8 11. Qxc7 Qxc7 12. Bxc7 Rb2 13. Bd3 Bxd3 14. cxd3 h5 15. Ne2 Rh6 16. Rf1 Re6 17. Rf2 Nf6 18. h3 Nd5 19. Ba5 g5 20. Kf1 Bg7 21.
Ng3 Rb5 22. c4 Rc5 23. cxd5 Rxd5 24. Bc3 Rc6 25. Bb2 Bxd4 26. Bxd4 Rxd4 27. Rd1 h4 28. Ne4 f6 29. Re2 Kf7 30. Kf2 Kg6 31. Ke3 e5 32.
Rf1 f5 33. Nd2 Rc3 34. Nf3 Re4+ 35. Kf2 Rxe2+ 36. Kxe2 Rc2+ 37. Kd1 Rxg2 38. Nxe5+ Kf6 39. Nf3 Rxa2 40. Rg1 g4 41. hxg4 Ra1+ 42. Ke2 Rxg1 43. Nxg1 fxg4 44. Kf2 h3 45. Kg3 a5 46. Ne2 a4 47.
Nc3 a3 48. d4 Kf5 49. d5 Ke5 50. Kh2 Kd6 51. Kg3 Kc5 52. Kh2 Kc4 53. Kg3 Kxc3 54. d6 a2 55. d7 a1=Q 56. d8=Q Qg1+ 57. Kh4 h2 58. Qc7+ Kd3 59. Qd6+ Ke2 60. Qe5+ Kf1 61. Qb5+ Ke1 62. Qe5+ Kd2 63. Qd5+ Ke2 64. Qe5+ Kf3 65. Qf5+ Ke3 66. Qe5+ Kd2 67. Qd5+ Kc3 68. Qc6+ Kd4 69.
Qb6+ Ke5 70. Qb5+ Kf4 71. Qc4+ Kf3 72. Qd5+ Kf4 73. Qd6+ Kf5 74. Qd5+ Kf6 75. Qd6+ Kf5 76. Qd5+ Kf4 77. Qd6+ Ke4 78. Qe6+ Kd3 79. Qf5+ Kd2 80.
Qd5+ 1/2-1/2

[Event "Late-Titled-Tuesday-Blitz-March-26-2024"]
[Site "Chess.com"]
[Date "2024.03.26"]
[Round "3"]
[White "AndresDelgado77"]
[Black "TimGrutter03"]
[Result "0-1"]
[WhiteElo "2335"]
[BlackElo "2583"]
[TimeControl "180+1"]
[EndTime "14:31:24 PDT"]
[Termination "TimGrutter03 won by resignation"]

1. e4 c6 2. d4 d5 3. Nc3 dxe4 4.
Nxe4 Nf6 5. Nxf6+ exf6 6. c3 Bd6 7. Bd3 Nd7 8. Qe2+ Qe7 9. Qxe7+ Kxe7 10. Ne2 Nf8 11.
Bf4 Ng6 12. Bxd6+ Kxd6 13. O-O-O Re8 14. Rhe1 Bg4 15. f3 Be6 16. Bxg6 hxg6 17. b3 g5 18. h3 b5 19. Ng3 f5 20. c4 bxc4 21. bxc4 g6 22. c5+ Kd7 23. Re2 Rab8 24. Rb2 Rxb2 25. Kxb2 Rb8+ 26. Ka3 Rb5 27. Rd2 Ra5+ 28. Kb4 Rxa2 29. Rxa2 Bxa2 30. Nf1 Bb1 31. Ne3 Bd3 32. g3 f4 33. gxf4 gxf4 34. Ng4 Bf5 35. Ne5+ Kc7 36.
h4 f6 37. Nf7 Be6 38. Nd6 Kd7 39. Ne4 Ke7 40. Ka5 Bc4 41. Nd2 Be2 42. Kb4 Ke6 43.
Kc3 a5 44. Kb3 Kd5 45. Kc3 f5 46. Nb3 Bxf3 47. Nxa5 Be2 48. Kd2 Bb5 49. Nb3 Bc4 50.
Na5 Kxd4 51. Nxc6+ Kxc5 52. Ne5 Kd4 53. Nxg6 Ke4 54. Ne7 Bf7 55. Nc6 f3 56. Ke1 Kf4 57. Nd4 Kg3 58. Nxf5+ Kg2 59. Nh6 f2+ 60. Kd2 f1=Q 61.
Ng4 Qf3 62. Ne3+ Kh3 63. h5 Bxh5 64. Kd3 Qe2+ 65. Ke4 Bg6+ 66. Kf4 Qf2+ 67. Kg5 Qxe3+ 68. Kxg6 Qc5 69. Kf6 Kg4 70. Ke6 Qb5 71. Kf6 Kf4 72. Ke6 Qc6+ 73. Kf7 Qd6 0-1

[Event "Late-Titled-Tuesday-Blitz-March-26-2024"]
[Site "Chess.com"]
[Date "2024.03.26"]
[Round "3"]
[White "Andrei_Skvortsov"]
[Black "carloseduar100"]
[Result "1-0"]
[WhiteElo "2714"]
[BlackElo "2247"]
[TimeControl "180+1"]
[EndTime "14:31:32 PDT"]
[Termination "Andrei_Skvortsov won on time"]

1. e4 e6 2. d4 d5 3. exd5 exd5 4. Nf3 Bd6 5. Bd3 Ne7 6. O-O Nbc6 7. h3 a6 8. c4 dxc4 9. Bxc4 O-O 10. Nc3 Bf5 11.
a3 b5 12. Bd3 Bxd3 13. Qxd3 Qd7 14. d5 Ne5 15. Qe4 Qf5 16. Qxf5 Nxf5 17. Nxe5 Bxe5 18.
Rd1 Rad8 19. Bg5 f6 20. Be3 Rd7 21. Rd3 Rfd8 22. Rad1 c6 23. Bb6 Rb8 24. dxc6 Rxd3 25. Rxd3 Rxb6 26. Rd8+ Kf7 27. c7 Bxc7 28. Rd7+ Kg6 29.
Rxc7 Rd6 30. f4 Rd2 31. g4 Ne3 32. f5+ Kh6 33. b3 Rg2+ 34. Kh1 Rg3 35. Kh2 Nf1+ 36. Kh1 Nd2 37. Kh2 Rd3 38. b4 Nc4 39. Ne4 Rxa3 40. h4 Re3 41. Ng3 Ne5 42. Kh3 g5 43. hxg5+ fxg5 44.
Ra7 Ra3 45. Re7 Nd3 46. Re6+ Kg7 47. Nh5+ Kf7 48. Rf6+ Ke7 49. Kh2 Nf4 50. Rh6 Nxh5 51.
Rxh7+ Kf6 52. Rxh5 Ra4 53. Rh6+ Kf7 54. Kg3 Rxb4 55.
Rxa6 Rb3+ 56. Kf2 b4 57. Rg6 Rb2+ 58. Ke3 Rg2 59. Kf3 Rc2 60. Rxg5 b3 61. Rg6 b2 62. Rb6 Ke7 63. g5 Kf7 64. Rb7+ Kf8 65. Kg4 Kg8 66. Kh5 Kf8 67. Kg6 Rc6+ 68. f6 Rc8 69. Rxb2 Kg8 70. Rh2 Rc6 71. Rh7 Ra6 72. Rb7 1-0

[Event "Late-Titled-Tuesday-Blitz-March-26-2024"]
[Site "Chess.com"]
[Date "2024.03.26"]
[Round "3"]
[White "bazar-wokzal"]
[Black "Dolphin_2010"]
[Result "0-1"]
[WhiteElo "2565"]
[BlackElo "2393"]
[TimeControl "180+1"]
[EndTime "14:31:32 PDT"]
[Termination "Dolphin_2010 won by resignation"]

1. e4 c6 2. d4 d5 3. e5 Bf5 4.
Nc3 e6 5. g4 Bg6 6. Nge2 h5 7.
Nf4 Bh7 8. Nxh5 c5 9. dxc5 Nc6 10. Bb5 Bxc5 11. Bxc6+ bxc6 12. Nxg7+ Kf8 13. Nh5 d4 14. Na4 Qd5 15. O-O Be7 16. Bf4 Bg6 17. Ng3 f6 18. Re1 f5 19. gxf5 Bxf5 20. b3 Nh6 21. c4 Qd8 22.
Bxh6+ Rxh6 23. Nxf5 exf5 24. Qf3 Kg7 25. Qxf5 Kh8 26.
Kh1 Qf8 27. Qxf8+ Rxf8 28. Rf1 Bg5 29. f4 Rxf4 30. Nc5 Rfh4 31. Rf2 Be3 32. Rg2 Bf4 33. Rf1 Rxh2+ 34. Rxh2 Bxh2 35. Rf6 Rh5 36. Rf8+ Kg7 37. Ne6+ Kh7 38. Kg2 Bxe5 39. Rd8 Rh2+ 40. Kf3 Rxa2 41. Nxd4 Bxd4 42. Rxd4 Ra3 43. Rd3 a5 44.
Ke4 a4 45. b4 Ra1 46. Kd4 Rb1 47. Kc5 Rb3 48. Rd7+ Kg8 49. Ra7 a3 50. b5 cxb5 51.
cxb5 Kf8 52. b6 Ke8 53. Kc6 Rc3+ 54. Kb7 Kd7 55. Kb8+ Kd8 56. b7 Rb3 57. Ra4 Kd7 58. Rd4+ Kc6 59. Kc8 Rxb7 60. Rc4+ Kd5 61. Ra4 Rb3 62.
Kc7 Kc5 63. Kd7 Kb5 64. Ra8 Kc4 65. Kd6 Kc3 66. Kd5 Kb2 67. Kc4 a2 68. Ra7 Rc3+ 69. Kb4 Rb3+ 70. Kc4 Ra3 71. Rb7+ Kc2 72. Rh7 a1=Q 73.
Rh2+ Kb1 74. Rh1+ Ka2 75. Rh2+ Qb2 76. Rxb2+ Kxb2 0-1

[Event "Late-Titled-Tuesday-Blitz-March-26-2024"]
[Site "Chess.com"]
[Date "2024.03.26"]
[Round "3"]
[White "CFalcons8"]
[Black "salgadoLO"]
[Result "1-0"]
[WhiteElo "2404"]
[BlackElo "2168"]
[TimeControl "180+1"]
[EndTime "14:31:33 PDT"]
[Termination "CFalcons8 won on time"]

1. c4 c6 2. d4 d5 3. cxd5 cxd5 4.
Nc3 Nf6 5. Nf3 Nc6 6. Bf4 Bf5 7.
e3 e6 8. a3 Bd6 9. Bxd6 Qxd6 10. Bd3 Bxd3 11. Qxd3 O-O 12. O-O Rfc8 13. Rfc1 Na5 14.
Nd2 a6 15. b4 Nc4 16. Na4 b5 17. Nc5 a5 18. Nxc4 dxc4 19. Qd2 axb4 20. axb4 Nd5 21. Qb2 h6 22. Ra5 c3 23. Qb3 Rxa5 24. bxa5 b4 25. a6 Rxc5 26. dxc5 Qxa6 27. g3 Qb5 28. e4 Nf6 29.
Rxc3 Nxe4 30. Rc4 Nd2 31. Qxb4 Qxc4 32. Qxd2 Qxc5 33. Qd8+ Kh7 34. Qd3+ Qf5 35. Qe3 e5 36. h4 h5 37. Kh2 f6 38. Kg2 Qg6 39. Kh2 Qf5 40.
Qe2 Qg4 41. f3 Qf5 42. Kg2 Qg6 43. Qd2 Qf5 44. Qe2 Qg6 45. Kh3 Qf5+ 46. g4 hxg4+ 47.
fxg4 Qf4 48. g5 f5 49. Qh5+ Kg8 50. Qe8+ Kh7 51. Qh5+ Kg8 52. g6 Qe3+ 53. Kg2 Qe4+ 54. Kh3 Qe3+ 55. Kg2 Qd2+ 56. Kh1 Qe1+ 57. Kg2 Qd2+ 58.
Kg3 Qe3+ 59. Kh2 Qd2+ 60. Kg1 Qe1+ 61. Kg2 Qe4+ 62. Kf1 Qf4+ 63. Ke1 Qe3+ 64. Kd1 Qd3+ 65. Kc1 Qc3+ 66. Kb1 Qb3+ 67. Ka1 Qa4+ 68. Kb2 Qb4+ 69. Kc2 Qc4+ 70. Kd2 Qf4+ 71. Kc3 Qe3+ 72. Kc4 Qd4+ 73. Kb5 Qd5+ 74. Kb6 Qd6+ 75. Kb5 Qd5+ 76. Kb6 Qd6+ 77. Kb7 Qd7+ 78. Kb8 Qd8+ 79. Kb7 Qf6 80. Kc7 Qe7+ 81. Kc6 Qe6+ 82. Kc5 Qe7+ 83. Kd5 Qd7+ 84. Kxe5 Qe7+ 85. Kxf5 Qc5+ 86. Kg4 Qd4+ 87. Kg3 Qe3+ 88. Qf3 Qe5+ 89. Qf4 Qd5 90. Qb8+ 1-0

[Event "Late-Titled-Tuesday-Blitz-March-26-2024"]
[Site "Chess.com"]
[Date "2024.03.26"]
[Round "3"]
[White "Mops_2004"]
[Black "nabukatnezarr"]
[Result "0-1"]
[WhiteElo "2795"]
[BlackElo "2608"]
[TimeControl "180+1"]
[EndTime "14:31:42 PDT"]
[Termination "nabukatnezarr won on time"]

1. Nf3 Nf6 2. g3 b5 3. Na3 a6 4. c4 b4 5. Nc2 e6 6. a3 bxa3 7.
b3 Bb7 8. Bg2 Be7 9. O-O O-O 10.
Bxa3 c5 11. b4 cxb4 12. Nxb4 Nc6 13. Nxc6 Bxc6 14. d3 a5 15. Qd2 a4 16. e4 d6 17.
Nd4 Bd7 18. e5 dxe5 19. Bxa8 Bxa3 20. Rxa3 Qxa8 21. Nb5 Bc6 22. Nc3 Bh1 23. Ne4 Nxe4 24.
dxe4 Bxe4 25. f3 Bc6 26. Qe3 e4 27. f4 Rd8 28. f5 exf5 29. Rxf5 Qb8 30. Rf2 Qb4 31.
Ra1 h6 32. Raf1 f6 33. c5 Rd3 34. Qf4 Qxc5 35. Rc1 Rc3 36. Rxc3 Qxc3 37. Qd2 Qc5 38. Qc2 Qb6 39. Qb2 Qa7 40. Qc3 e3 41. Re2 a3 42.
Qxc6 Kh8 43. Qc4 Qa5 44. Qc8+ Kh7 45. Qc2+ Kh8 46. Rxe3 Qa7 47. Qf2 a2 48. Re4 Qxf2+ 49. Kxf2 a1=Q 50. Re2 Qa7+ 51. Kg2 Kh7 52. Rf2 Qb7+ 53.
Rf3 Qb6 54. g4 Qc6 55. Kg3 g5 56. h3 Kg6 57. Rf2 Qd6+ 58. Kg2 Qd5+ 59. Kg3 Qe5+ 60.
Kg2 Qe4+ 61. Kg3 Qe5+ 62. Kg2 h5 63. gxh5+ Kxh5 64. Rf1 f5 65. Rf3 Qe2+ 66. Rf2 Qe4+ 67.
Kg3 f4+ 68. Kh2 Qe3 69. Rg2 f3 70. Ra2 f2 71. Kg2 f1=Q+ 72. Kxf1 Qxh3+ 73. Kg1 Qe3+ 74. Rf2 g4 75. Kg2 Qh3+ 76. Kg1 Kg5 77. Rf8 Qe3+ 78.
Kg2 Qe4+ 79. Kf1 Qd3+ 80. Kg2 Qd5+ 81. Kf1 Qc4+ 82. Kg2 Qc2+ 0-1

[Event "Late-Titled-Tuesday-Blitz-March-26-2024"]
[Site "Chess.com"]
[Date "2024.03.26"]
[Round "3"]
[White "Mikhail_Bryakin"]
[Black "YoreDea"]
[Result "1/2-1/2"]
[WhiteElo "2854"]
[BlackElo "2565"]
[TimeControl "180+1"]
[EndTime "14:31:47 PDT"]
[Termination "Game drawn by repetition"]

1. b3 d5 2. Bb2 c6 3. Nf3 Nf6 4.
d3 Bg4 5. Nbd2 Nbd7 6. h3 Bh5 7. g4 Bg6 8. Nh4 e5 9. Bg2 a5 10. a3 Bd6 11. e3 a4 12. b4 O-O 13. Nxg6 fxg6 14.
c4 Qe7 15. Qc2 g5 16. O-O Rfc8 17. c5 Bc7 18. Rae1 Qf7 19. Nb1 h5 20. gxh5 Qxh5 21. Qd1 Qh4 22. Nd2 e4 23. dxe4 dxe4 24. f4 g4 25.
Nxe4 gxh3 26. Bf3 Re8 27. Nd6 Bxd6 28. cxd6 Ne4 29. Bxe4 Rxe4 30. Qf3 Rae8 31. Kh1 b6 32. Rg1 Nf6 33. d7 Nxd7 34. Rxg7+ Kf8 35. Reg1 h2 36. R1g2 Qe1+ 37. Kxh2 Qh4+ 38. Qh3 Qxh3+ 39. Kxh3 Rxe3+ 40. Kh4 R8e7 41. Rg8+ Kf7 42. R8g7+ Ke6 43. R2g6+ Kf5 44. Rxe7 Rxe7 45. Rxc6 Ke4 46. Kg5 b5 47. Rd6 Rf7 48.
Be5 Nxe5 49. fxe5 Kxe5 50. Rb6 Rf5+ 51. Kg4 Ke4 52. Rb8 Re5 53. Rd8 Rd5 54. Rc8 Kd4 55.
Kf4 Kd3 56. Kf3 Rd4 57. Rc5 Rc4 58. Rxb5 Kc3 59. Rb8 Kb3 60. b5 Kxa3 61. b6 Rb4 62. b7 Kb2 63. Ke3 a3 64. Rh8 Rxb7 65. Rh2+ Ka1 66. Rh1+ Rb1 67. Rh8 a2 68. Kd2 Rg1 69. Rb8 Rg2+ 70. Kc1 Rg1+ 71. Kc2 Rb1 72. Rh8 Rb7 73.
Rh1+ Rb1 74. Rh7 Rb2+ 75. Kc1 Rf2 76. Rc7 Rf1+ 77. Kc2 Rg1 78. Rc8 Rg2+ 79. Kc1 Rg1+ 80. Kc2 Rg7 81. Kc1 Rg2 82. Rc7 Re2 83. Rc8 Re7 84. Rc6 Re1+ 85. Kc2 Rb1 86. Rc4 Rb2+ 87.
Kc1 Rb1+ 88. Kc2 Rb2+ 89. Kc1 Rb1+ 90. Kc2 1/2-1/2

[Event "Late-Titled-Tuesday-Blitz-March-26-2024"]
[Site "Chess.com"]
[Date "2024.03.26"]
[Round "3"]
[White "only_strong_moves"]
[Black "KingCrusher275"]
[Result "0-1"]
[WhiteElo "2677"]
[BlackElo "2485"]
[TimeControl "180+1"]
[EndTime "14:31:47 PDT"]
[Termination "KingCrusher275 won by checkmate"]

1. Nc3 e5 2. Nf3 Nc6 3. d4 exd4 4. Nxd4 Nf6 5. Bg5 d6 6. e3 Be7 7. Be2 O-O 8. O-O Nxd4 9. Qxd4 Bf5 10. e4 Be6 11. Rad1 h6 12. Bf4 Re8 13. h3 Qd7 14.
Rfe1 a6 15. Bf1 Rad8 16. Qe3 Qc6 17. Qf3 Bf8 18. Bd3 Nd7 19. Qg3 Kh8 20. Ne2 Qb6 21. b3 Ne5 22. Be3 Qa5 23. Bd2 Qb6 24. Bc3 Nxd3 25.
Rxd3 Kh7 26. Nf4 Qc5 27. Re2 c6 28. Bd4 Qa5 29. c4 Bc8 30. Bc3 Qc7 31. Nh5 f6 32. Bxf6 Qf7 33. Bxd8 Qxh5 34. Red2 Rxd8 35. e5 d5 36.
cxd5 cxd5 37. Rxd5 Rxd5 38. Rxd5 Be6 39. Rd8 Qf7 40.
Qd3+ Bf5 41. Qd4 Be7 42. Rb8 Qg6 43. Rxb7 Be4 44. Qxe4 Qxe4 45. Rxe7 Qb1+ 46. Kh2 Qxa2 47. Rb7 Qe2 48. f4 Qe4 49. Rf7 Kg8 50. Re7 Qxf4+ 51. Kh1 Qc1+ 52. Kh2 Qc5 53. Re6 Qd5 54. Rxa6 Qxe5+ 55. Kh1 Qb5 56. Ra8+ Kh7 57. Rd8 Qxb3 58. Kh2 Qb7 59.
Rd3 Qc7+ 60. Kh1 Qc1+ 61. Kh2 Qf4+ 62. Kg1 Qe4 63. Rf3 g5 64. Kf2 Kg6 65. Kg3 h5 66. Kh2 Qe5+ 67. Kg1 Qe1+ 68. Kh2 Qe2 69. Ra3 Kf5 70.
Ra5+ Kf6 71. Ra3 Qb2 72. Rf3+ Kg6 73. Kg3 Qb8+ 74. Kf2 Qb2+ 75. Kg3 Qe5+ 76. Kf2 g4 77. hxg4 hxg4 78. Rd3 Qb2+ 79. Kg3 Qe5+ 80. Kf2 Qf5+ 81. Ke2 Qe4+ 82. Re3 Qxg2+ 83. Kd3 Kg5 84. Re4 Qf3+ 85. Kd4 Qxe4+ 86. Kxe4 Kh4 87. Ke3 Kh3 88. Kf2 Kh2 89. Kf1 g3 90. Ke2 g2 91. Kf3 g1=Q 92.
Ke4 Qg3 93. Kf5 Kg2 94. Ke6 Kf3 95. Kd7 Qg6 96. Kc8 Ke4 97. Kb8 Kd5 98. Kc8 Qg7 99. Kb8 Kc6 100. Kc8 Qg8# 0-1